 Dungeon Crawl Stone Soup version 0.16.2-12-gd0ad4c3 (webtiles) character file.

482 Charly the Cleaver (level 6, -2/52 HPs)
             Began as a Deep Dwarf Gladiator on July 20, 2016.
             Slain by a skeletal warrior
             ... wielding a +0 flail
              (24 damage)
             ... on level 6 of the Dungeon.
             The game lasted 00:15:43 (491 turns).

Charly the Cleaver (Deep Dwarf Gladiator)            Turns: 491, Time: 00:15:44

Health: -2/52      AC:  4    Str: 23    XL:     6   Next: 87%
Magic:  0/0        EV: 13    Int:  9    God:
Gold:   18         SH:  0    Dex: 15    Spells: 0 memorised, 5 levels left

rFire  . . .     SeeInvis .     a - +0 war axe
rCold  . . .     Clarity  .     b - +0 leather armour
rNeg   + . .     SustAb   .     (no shield)
rPois  .         Gourm    .     c - +0 helmet
rElec  .         Spirit   .     (no cloak)
rCorr  .         Warding  +     (no gloves)
rMut   .         Stasis   .     (no boots)
MR     .....                    n - amulet of warding
Stlth  +.........               (no ring)
                                (no ring)

@: mighty, non-regenerating, not resistant to hostile enchantments, very
unstealthy
A: damage resistance, recharge devices, sense surroundings 1, slow healing 3
a: Device Recharging


You were on level 6 of the Dungeon.
You were not hungry.

You visited 1 branch of the dungeon, and saw 8 of its levels.

You collected 18 gold pieces.

Inventory:

Hand weapons
 a - a +0 war axe (weapon)
Armour
 b - a +0 leather armour (worn)
 c - a +0 helmet (worn)
Jewellery
 n - an amulet of warding (around neck)
Magical devices
 e - a wand of heal wounds (0)
Scrolls
 i - 2 scrolls of blinking
Potions
 h - a potion of agility {unknown}
 j - a potion of flight {unknown}
 k - a potion of mutation {unknown}
 m - a potion of poison {unknown}
Comestibles
 f - 2 bread rations
 l - a meat ration


   Skills:
 - Level 1.7 Fighting
 + Level 8.6 Axes
 - Level 1.7 Throwing
 - Level 3.2 Dodging


You had 5 spell levels left.
You didn't know any spells.

Dungeon Overview and Level Annotations

Branches:
Dungeon (8/15)
 Temple: D:4-7         Lair: D:8-11

Altars:
Sif Muna
Trog

Annotations:
D:8 Maurice


Innate Abilities, Weirdness & Mutations

You are resistant to damage.
You can recharge devices by infusing magical energy.
You passively map a small area around you.
You do not heal naturally.


Message History

You slash the crimson imp!
The crimson imp is almost dead.
You hit the bush but do no damage.
The bush is almost destroyed.
The crimson imp completely misses you.
The skeletal warrior hits you with a flail!
Unknown command.
You hit the skeletal warrior.
The skeletal warrior is lightly damaged.
You hit the crimson imp.
You kill the crimson imp!
You hit the bush but do no damage.
The bush is almost destroyed.
Unknown command.
You slash the skeletal warrior!
The skeletal warrior is moderately damaged.
You slash the bush!
You destroy the bush!
The skeletal warrior hits you with a flail!!
You die...

* * , * **, ,, , * *
, , , ,* * , , *
###################
* *
#.P.P.P.P.'........
,#.........#........
,
#..)).....#........
,
#.@..P.P.P#....5...
#z##############'##
, #......... ,#...
#........ #..⌠
#/....... #.⌠. ,
#........ ,, #... ,
#....... ,, #### ,
#...... , , , #.....
* *


You could see a skeletal warrior.

Vanquished Creatures
  An ogre (D:6)
  A wyvern skeleton (D:6)
  The ghost of magipi the Sneak, a weakling TeAs (D:3)
  A crimson imp (D:6)
  An orc priest (D:6)
  A centaur zombie (D:6)
  3 hounds
  An iguana (D:7)
  A gnoll shaman (D:6)
  A worker ant (D:6)
  An adder (D:7)
  A worker ant simulacrum (D:6)
  A worm (D:2)
  An adder zombie (D:6)
  An orc (D:6)
  3 bats
  A goblin (D:3)
  A hobgoblin (D:6)
  3 rats (D:6)
  A bush (D:6)
26 creatures vanquished.

Notes
Turn   | Place    | Note
--------------------------------------------------------------
     0 | D:1      | Charly, the Deep Dwarf Gladiator, began the quest for the Orb.
     0 | D:1      | Reached XP level 1. HP: 19/19 MP: 1/1
    59 | D:3      | Reached skill level 4 in Axes
    59 | D:3      | Reached XP level 2. HP: 26/26 MP: 2/2
    73 | D:3      | Noticed magipi's ghost (weakling TeAs)
    81 | D:3      | Killed magipi's ghost
    81 | D:3      | Reached skill level 5 in Axes
    81 | D:3      | Reached XP level 3. HP: 27/32 MP: 3/3
   120 | D:5      | Entered Level 5 of the Dungeon
   195 | D:7      | Reached XP level 4. HP: 26/39 MP: 4/4
   232 | D:7      | Found a bloodstained altar of Trog.
   233 | D:7      | Found a deep blue altar of Sif Muna.
   254 | D:7      | Noticed a scorpion
   258 | D:8      | Noticed Maurice
   258 | D:8      | Noticed a hippogriff
   260 | D:8      | Noticed a slave
   290 | D:7      | Reached skill level 6 in Axes
   290 | D:7      | Reached XP level 5. HP: 15/45 MP: 5/5
   360 | D:6      | Reached skill level 7 in Axes
   380 | D:6      | Noticed an ogre
   399 | D:6      | Reached XP level 6. HP: 39/52 MP: 5/5
   412 | D:6      | Reached skill level 8 in Axes
   419 | D:6      | Noticed a skeletal warrior
   425 | D:6      | Killed an ogre
   431 | D:6      | HP: 2/52 [skeletal warrior/flail (23)]
   491 | D:6      | Slain by a skeletal warrior

Action                   |  1- 3 |  4- 6 || total
-------------------------+-------+-------++-------
Melee: War axe           |    37 |   120 ||   157
Throw: Throwing net      |     1 |     4 ||     5
 Abil: Device Recharging |       |     6 ||     6
Evoke: Wand              |     1 |    24 ||    25
  Use: Scroll            |     1 |       ||     1
       Potion            |       |     1 ||     1
 Stab: Held in net/web   |     1 |     3 ||     4
